 Dungeon Sprint DCSS version 0.27.1-2-g3b301248ec (webtiles) character file.

Game seed: 1557771493477108174

1524 boopmooplesden the Blocker (level 8, -12/123 HPs)
             Began as a Minotaur Fighter on Sept 22, 2021.
             Was a Believer of Okawaru.
             Shot with a bolt by a yaktaur (22 damage)
             ... in the Dungeon (Sprint II: "The Violet Keep of Menkaure").
             The game lasted 00:02:35 (387 turns).

boopmooplesden the Blocker (Minotaur Fighter)        Turns: 387, Time: 00:02:35

Health: -12/123    AC: 13    Str: 29    XL:     8   Next: 54%
Magic:  7/7        EV: 11    Int:  5    God:    Okawaru [**....]
Gold:   389        SH: 13    Dex: 10    Spells: 7/7 levels left

rFire    . . .     SeeInvis .   a - +0 war axe
rCold    . . .     Faith    .   c - +0 kite shield
rNeg     . . .     Spirit   .   k - +1 scale mail "Heggofai" {Str+6}
rPois    .         Reflect  .   (helmet restricted)
rElec    .         Harm     .   (no cloak)
rCorr    .         Rampage  .   l - +0 pair of gloves
Will     .....     NoTele   +   m - +0 pair of boots
Stlth    ..........             (no amulet)
HPRegen  0.30/turn              (no ring)
MPRegen  0.10/turn              (no ring)

@: mighty, berserking, very quick
A: horns 2, retaliatory headbutt
a: Renounce Religion, Heroism


You were in the Dungeon.
You worshipped Okawaru.
Okawaru was pleased with you.
You visited 1 branch You collected 740 gold pieces.
You spent 351 gold pieces at shops.

Inventory:

Hand Weapons
 a - a +0 war axe (weapon)
Armour
 b - a +0 scale mail
 c - a +0 kite shield (worn)
 k - the +1 scale mail "Heggofai" (worn) {Str+6}
   (You bought it in a shop in the Dungeon)

   Str:       It affects your strength (+6).
 l - a +0 pair of gloves (worn)
 m - a +0 pair of boots (worn)
Scrolls
 j - a scroll of blinking
Potions
 e - a potion of curing
 g - a potion of haste
 h - 2 potions of magic


   Skills:
 + Level 11.5 Fighting
 + Level 11.3 Axes
 + Level 11.5 Armour
 + Level 4.2 Dodging
 + Level 11.8 Shields


You had 7 spell levels left.
You didn't know any spells.
Your spell library was empty.

Dungeon Overview and Level Annotations

Branches:
Dungeon (1/1)

Altars:
Cheibriados
Dithmenos
Elyvilon
Fedhas
Gozag
Hepliaklqana
Kikubaaqudgha
Makhleb
Nemelex Xobeh
Okawaru
Qazlal
Ru
Sif Muna
Trog
Uskayaw
Vehumet
Wu Jian
Xom
Yredelemnul
Zin
The Shining One
Beogh
Jiyva
Lugonu

Shops:
D =:(!=?*[[[!![!:

Annotations:
D exclusions: obsidian statue and oklob plant


Innate Abilities, Weirdness & Mutations

You have a pair of horns on your head.
You reflexively headbutt those who attack you in melee.


Message History

The polar bear completely misses you.
The polar bear claws you but does no damage.
The polar bear bites you!
* * * LOW HITPOINT WARNING * * *
You block the polar bear's attack.
The polar bear claws you but does no damage.
You slash the polar bear!
You kill the polar bear!
Okawaru is honoured by your kill.
You hit the polar bear.
The yaktaur is engulfed in a cloud of scalding steam.
The polar bear bites you but does no damage.
You block the polar bear's attack. x2
Your Fighting skill increases to level 11!
Your Axes skill increases to level 10!
Your Dodging skill increases to level 3!
Your Shields skill increases to level 11!
You have reached level 8!
You feel agile.
You barely miss the polar bear.
The polar bear is almost dead.
You block the polar bear's attack.
The polar bear claws you but does no damage. x2
The yaktaur is engulfed in a cloud of scalding steam.
You slash the polar bear!
You kill the polar bear!
Okawaru is honoured by your kill.
You can now gain great but temporary skills.
You slice the polar bear!!
You kill the polar bear!
Okawaru is honoured by your kill.
Your Axes skill increases to level 11!
Your Dodging skill increases to level 4!
You miss the hornet. Your headbutt misses the hornet.
You block the hornet's attack.
You slice the hornet!! You headbutt the hornet!
You kill the hornet!
Okawaru accepts your kill.
The yaktaur shoots a bolt.
The bolt hits you!!
You die...

.##.# ...# ...#
.#†####..## #..# .#
#†###.##..# +..# .# ?
#.##...#..# #..# .# [!
.<.÷.##+..### ..##.# !!$
#.##.†.#....###^..##▓▓▓▓
#'###.##......≈≈c≈≈≈≈≈≈≈
.).####≈≈.....≈#†#######
.#..#≈≈≈≈≈≈≈..≈#@._.....
...##≈≈§§≈≈§≈.≈#._._....
#'##≈≈≈≈§≈≈§≈≈≈#_._._...
≈≈≈≈≈≈≈§§≈§§§§≈#._._._..
+#+++#≈≈§≈≈§§§§#_._._._.


°SS° ##§§≈###≈≈#._._._._ ≈≈≈≈°°##≈≈# #≈≈#.._._._. ≈○≈°≈°§+≈§# #≈≈#._._._..
°°≈≈≈≈##≈≈≈ You could see a yaktaur.

Vanquished Creatures
  A merfolk siren (D)
  3 polar bears (D)
  A hornet (D)
  2 water moccasins (D)
  4 necrophages (D)
  A scorpion (D)
  3 worms (D)
15 creatures vanquished.

Notes
Turn   | Place    | Note
-------+----------+-------------------------------------------
     0 | D        | boopmooplesden the Minotaur Fighter began the quest for the
                  | Orb.
     0 | D        | Reached XP level 1. HP: 19/19 MP: 0/0
     1 | D        | Noticed a necrophage
     1 | D        | Noticed a necrophage
     1 | D        | Noticed a necrophage
     1 | D        | Noticed a necrophage
     7 | D        | Killed a necrophage
     8 | D        | Reached XP level 2. HP: 20/31 MP: 1/1
     8 | D        | Reached XP level 3. HP: 25/38 MP: 2/2
     8 | D        | Reached XP level 4. HP: 29/45 MP: 3/3
    14 | D        | Killed a necrophage
    15 | D        | Reached XP level 5. HP: 27/53 MP: 4/4
    16 | D        | Killed a necrophage
    17 | D        | Reached skill level 5 in Axes
    21 | D        | Killed a necrophage
    22 | D        | Reached skill level 1 in Dodging
    22 | D        | Reached XP level 6. HP: 34/64 MP: 5/5
    66 | D        | Noticed a water moccasin
    75 | D        | Killed a water moccasin
    76 | D        | Reached skill level 10 in Armour
   220 | D        | Noticed a merfolk siren
   225 | D        | Killed a merfolk siren
   226 | D        | Reached skill level 10 in Fighting
   226 | D        | Reached skill level 10 in Shields
   226 | D        | Reached XP level 7. HP: 64/73 MP: 6/6
   229 | D        | Noticed a boulder beetle
   229 | D        | Noticed a boulder beetle
   236 | D        | Noticed an obsidian statue
   256 | D        | Found Ligrewut's Book Emporium.
   257 | D        | Found Opsipt's Antique Armour Emporium.
   257 | D        | Found Yxemum's Distillery.
   275 | D        | Found Biudyell's Antique Armour Emporium.
   275 | D        | Found Wischow's Antique Armour Shoppe.
   276 | D        | Found Aheehec's Distillery.
   276 | D        | Found Pyoran's Antique Armour Emporium.
   277 | D        | Found Caacojase's Magic Scroll Shoppe.
   277 | D        | Found Lunnod's Distillery.
   277 | D        | Found Wufoguqe's Jewellery Shoppe.
   277 | D        | Noticed a shining eye
   278 | D        | Found Nebe Tia's General Store.
   280 | D        | Noticed a shining eye
   293 | D        | Found Giafad's Distillery.
   293 | D        | Found Odeutur's Antique Weapon Emporium.
   293 | D        | Noticed a shining eye
   293 | D        | Noticed an oklob plant
   294 | D        | Found Wovei's Jewellery Shoppe.
   294 | D        | Found Zastorr's Book Shoppe.
   295 | D        | Noticed a polar bear
   295 | D        | Noticed a polar bear
   299 | D        | Bought a heavily runed scale mail for 135 gold pieces
   299 | D        | Identified the +1 scale mail "Heggofai" {Str+6} (You bought
                  | it in a shop in the Dungeon)
   315 | D        | Bought a pair of gloves for 108 gold pieces
   315 | D        | Bought a pair of boots for 108 gold pieces
   357 | D        | Found an iron altar of Okawaru.
   357 | D        | Found a radiant altar of Vehumet.
   357 | D        | Found a glowing silver altar of Zin.
   358 | D        | Found a sparkling altar of Nemelex Xobeh.
   358 | D        | Found a hide-covered altar of Uskayaw.
   358 | D        | Found a basalt altar of Yredelemnul.
   359 | D        | Found an opulent altar of Gozag.
   359 | D        | Found a burning altar of Makhleb.
   359 | D        | Found a bloodstained altar of Trog.
   359 | D        | Found a shimmering altar of Xom.
   360 | D        | Found a blossoming altar of Fedhas.
   360 | D        | Found a corrupted altar of Lugonu.
   360 | D        | Found a shimmering blue altar of Sif Muna.
   361 | D        | Found a white marble altar of Elyvilon.
   361 | D        | Found an ancient bone altar of Kikubaaqudgha.
   361 | D        | Found a sacrificial altar of Ru.
   362 | D        | Found a shadowy altar of Dithmenos.
   362 | D        | Found a viscous altar of Jiyva.
   363 | D        | Found a snail-covered altar of Cheibriados.
   364 | D        | Found a hazy altar of Hepliaklqana.
   364 | D        | Noticed a hornet
   364 | D        | Noticed a polar bear
   364 | D        | Noticed a polar bear
   365 | D        | Found a glowing golden altar of the Shining One.
   365 | D        | Found an ornate altar of the Wu Jian Council.
   365 | D        | Found a stormy altar of Qazlal.
   365 | D        | Noticed a yaktaur
   365 | D        | Noticed a polar bear
   368 | D        | Became a worshipper of Warmaster Okawaru
   382 | D        | Killed a polar bear
   383 | D        | Reached skill level 10 in Axes
   383 | D        | Reached XP level 8. HP: 8/82 MP: 7/7
   384 | D        | Killed a polar bear
   384 | D        | Reached * piety under Okawaru
   385 | D        | Killed a polar bear
   387 | D        | Killed a hornet
   387 | D        | Reached ** piety under Okawaru
   387 | D        | Shot with a bolt by a yaktaur

Illustrated notes

Levels and vault maps discovered:
D:        the_violet_keep_of_menkaure [sprint2_stairs_cluster_1,
          sprint2_shoproom, sprint2_temple, sprint2_basic_supplies,
          sprint2_obstacle_5, sprint2_obstacle_4, sprint2_obstacle_3,
          sprint2_obstacle_7, sprint2_obstacle_2, sprint2_timed_cluster_1,
          sprint2_smallroom_cluster_1, sprint2_smallroom_final_cluster_1,
          sprint2_transparent_cluster_1, sprint2_second_timed_cluster_1,
          sprint2_sniper_area_1, sprint2_heavy_combat_area_1,
          sprint2_mutation_trap_area_1, sprint2_forest_area_1,
          sprint2_light_combat_area_1, sprint2_behind_water_1,
          sprint2_near_end_vault_1]

Skill      XL: |  1  2  3  4  5  6  7  8 |
---------------+-------------------------+-----
Fighting       | 6 7 9 10 11 | 11.5
Axes           | 3 4 5 8 10 11 | 11.3
Armour         | 6 8 9 11 | 11.5
Shields        | 6 7 9 10 11 | 11.8
Dodging        | 1 2 3 4 |  4.2

Action                   |  1- 3 |  4- 6 |  7- 9 || total
-------------------------+-------+-------+-------++-------
Melee: War axe           |     5 |    32 |    32 ||    69
       Headbutt          |       |    13 |     3 ||    16
  Use: Potion            |       |       |     3 ||     3
Armor: Scale mail        |       |     7 |    35 ||    42
Dodge: Dodged            |     1 |     9 |    24 ||    34
Block: Kite shield       |     2 |    15 |    40 ||    57
